AoeStats
← mypastselves

Fortress

509366783Analyzed
4v4 RM · 5d ago on Sep 26, 2026· 69m 54s· 8 players
Game mode
Random Map
Map size
Huge
Population
200
Speed
Normal
Resources
Standard
Victory
Conquest
Starting age
Dark Age
Ending age
Imperial Age
RankedLock teamsTeams togetherTeam positionsShared explorationLock speedFull tech treeHidden civsTurbo modeCheats
Victory
Defeat
🇸🇪 Turks · Sweden
684
+13
🇵🇰 Saracens · Pakistan
677
+13
🇨🇴 Vietnamese · Colombia
633
+15
🇨🇳 Danes · China
563
+19
🇪🇸 Bohemians · Spain
631
-16
🇨🇳 Turks · China
619
-15
🇵🇪 Vietnamese · Peru
612
-15
🇪🇬 Britons · Egypt
591
-14
javiermrtnsnchz
0:59 Loom
10:46 Feudal Age
11:59 Double-Bit Axe
11:57 Horse Collar
16:23 Castle Age
19:20 Wheelbarrow
20:30 Squires
20:22 Elite Skirmisher
21:37 Fletching
21:50 Padded Archer Armor
21:56 Scale Barding Armor
22:03 Forging
21:53 Scale Mail Armor
24:18 Light Cavalry
24:59 Husbandry
25:04 Padded Archer Armor
25:10 Scale Barding Armor
24:30 Elite Skirmisher
25:31 Bow Saw
25:16 Town Watch
28:13 Heavy Plow
30:45 Imperial Age
31:44 Hand Cart
33:07 Conscription
33:17 Elite Hussite Wagon
34:27 Caravan
34:52 Forging
37:02 Ballistics
36:54 Masonry
36:55 Fortified Wall
37:09 Scale Mail Armor
36:34 Pikeman
samko.keta
4:51 Loom
11:55 Feudal Age
12:24 Double-Bit Axe
12:21 Horse Collar
14:54 Stone Mining
24:39 Fletching
24:49 Padded Archer Armor
28:25 Castle Age
29:36 Caravan
33:14 Wheelbarrow
32:24 Town Watch
34:33 Bow Saw
34:27 Heavy Plow
36:08 Yeomen
36:17 Hand Cart
36:03 Town Patrol
42:41 Imperial Age
41:09 Bodkin Arrow
44:45 Conscription
46:24 Treadmill Crane
46:44 Elite Longbowman
47:28 Bracer
47:43 Leather Archer Armor
49:52 Guilds
50:39 Ring Archer Armor
56:32 Chemistry
55:54 Ballistics
60:08 Masonry
61:23 Architecture
61:31 Hoardings
66:01 Heavy Scorpion
68:34 Onager
Althair
6:56 Feudal Age
7:25 Double-Bit Axe
7:23 Horse Collar
8:35 Wheelbarrow
7:50 Town Watch
19:55 Castle Age
18:56 Gold Mining
20:46 Bow Saw
20:40 Heavy Plow
21:05 Hand Cart
24:20 Pikeman
28:12 Ballistics
27:33 Treadmill Crane
28:00 Padded Archer Armor
27:51 Fletching
28:14 Thumb Ring
28:18 Husbandry
30:43 Caravan
30:53 Crossbowman
33:30 Stone Mining
33:34 Light Cavalry
34:26 Bloodlines
40:36 Imperial Age
38:29 Leather Archer Armor
38:09 Bodkin Arrow
38:25 Forging
38:16 Scale Mail Armor
38:21 Scale Barding Armor
38:27 Heated Shot
39:33 Man-at-Arms
40:19 Squires
41:18 Iron Casting
41:05 Elite Rattan Archer
42:09 Paper Money
41:37 Halberdier
44:33 Chemistry
44:17 Murder Holes
44:00 Elite Rattan Archer
45:15 Cavalier
lysia
8:22 Feudal Age
11:32 Double-Bit Axe
14:41 Castle Age
13:35 Gold Mining
13:39 Stone Mining
15:49 Horse Collar
23:16 Loom
24:06 Wheelbarrow
24:34 Heavy Plow
25:34 Bow Saw
25:59 Fortified Wall
26:12 Ballistics
26:26 Padded Archer Armor
26:27 Scale Mail Armor
26:33 Scale Barding Armor
26:19 Fletching
26:40 Forging
27:56 Hand Cart
28:20 Gold Shaft Mining
32:14 Imperial Age
31:53 Town Watch
32:26 Forging
32:31 Chain Mail Armor
32:36 Chain Barding Armor
32:12 Bodkin Arrow
32:32 Leather Archer Armor
32:22 Elite Janissary
33:22 Conscription
33:39 Caravan
34:30 Hoardings
34:11 Town Patrol
35:08 Iron Casting
35:03 Plate Mail Armor
35:34 Treadmill Crane
35:46 Heated Shot
36:08 Masonry
36:22 Bombard Tower
AmBa /
0:32 Loom
8:19 Feudal Age
14:19 Castle Age
17:15 Horse Collar
20:20 Caravan
30:34 Imperial Age
33:51 Double-Bit Axe
34:33 Heavy Plow
38:47 Elite Janissary
49:21 Wheelbarrow
49:02 Bow Saw
64:28 Capped Ram
65:33 Siege Ram
mypastselves
3:04 Loom
9:06 Feudal Age
19:54 Castle Age
18:38 Horse Collar
18:44 Double-Bit Axe
18:51 Stone Mining
18:53 Gold Mining
19:53 Bloodlines
22:21 Gold Shaft Mining
21:49 Heavy Plow
22:27 Husbandry
26:33 Bow Saw
34:41 Imperial Age
33:43 Scale Barding Armor
33:50 Forging
35:18 Elite Mameluke
36:24 Conscription
36:30 Conscription
37:24 Chemistry
38:33 Iron Casting
38:18 Chain Barding Armor
41:53 Plate Barding Armor
42:27 Blast Furnace
43:02 Caravan
cooperwitch
6:04 Loom
7:53 Feudal Age
10:20 Wheelbarrow
9:52 Horse Collar
10:09 Double-Bit Axe
19:01 Castle Age
17:06 Man-at-Arms
19:25 Forging
21:40 Fletching
21:53 Padded Archer Armor
22:14 Gold Mining
22:22 Long Swordsman
23:41 Iron Casting
23:08 Scale Mail Armor
24:17 Caravan
24:28 Heavy Plow
26:05 Bow Saw
26:40 Town Watch
29:54 Bodkin Arrow
30:15 Leather Archer Armor
33:59 Imperial Age
32:01 Fortified Wall
32:58 Treadmill Crane
34:17 Squires
34:12 Two-Handed Swordsman
38:24 Thumb Ring
37:43 Elite Skirmisher
38:09 Capped Ram
40:56 Bracer
41:27 Ring Archer Armor
41:12 Chain Mail Armor
41:03 Scale Barding Armor
40:54 Crossbowman
40:55 Imperial Skirmisher
42:51 Chemistry
43:16 Elite Rattan Archer
44:20 Chatras
54:22 Champion
Red Hood
8:16 Feudal Age
8:58 Double-Bit Axe
12:52 Castle Age
13:01 Stone Mining
21:38 Hamask
25:00 Bow Saw
29:40 Imperial Age
27:32 Horse Collar
31:16 Conscription
31:15 Forging
31:05 Scale Mail Armor
32:14 Heavy Plow
32:19 Elite Jomsviking
32:49 Capped Ram
35:30 Iron Casting
35:11 Chain Mail Armor
39:48 Blast Furnace
39:18 Plate Mail Armor
40:13 Siege Ram
52:57 Wheelbarrow
54:21 Arson
54:40 Squires
54:32 Gambesons
69:24 Gold Mining
Connection lost

Rejoining the realm…

Still unreachable

The connection could not be restored.

Session expired

The server has moved on; the page needs a fresh start.